 Dungeon Crawl Stone Soup version 0.31.0-9-g3a7656b989 (webtiles) character file.

Game seed: 6117460477552103925

480 qw the Shooter (level 6, -5/30 HPs)
             Began as a Spriggan Hunter on Feb 2, 2024.
             Slain by Pikel
             ... wielding a +2 whip of flaming
              (7 damage)
             ... on level 4 of the Dungeon.
             The game lasted 00:00:10 (2696 turns).

qw the Shooter (Spriggan Hunter)                    Turns: 2696, Time: 00:00:10

Health: -5/30      AC:  4    Str:  7    XL:     6   Next: 86%
Magic:  7/7        EV: 21    Int: 10    God:
Gold:   103        SH:  0    Dex: 21    Spells: 5/5 levels left

rFire   . . .        a - +0 shortbow
rCold   . . .        (shield currently unavailable)
rNeg    . . .        b - +2 robe {Will+}
rPois   .            (helmet restricted)
rElec   .            (no cloak)
rCorr   .            (gloves unavailable)
SInv    +            (boots unavailable)
Will    +++..        (no amulet)
Stlth   ++           h - ring of willpower
HPRegen 0.25/turn    (no ring)
MPRegen 0.10/turn

%: no passive effects
@: very quick
A: very small, no large weapons, unfitting armour, see invisible, speed 3
a: no special abilities


You were on level 4 of the Dungeon.
You visited 1 branch of the dungeon, and saw 4 of its levels.

You collected 103 gold pieces.


Innate Abilities, Weirdness & Mutations

You are very small and have problems with some larger weapons.
You are too small for most types of armour.
You have supernaturally acute eyesight. (SInv)
You cover ground extremely quickly. (Speed+++)


   Skills:
 - Level 2.0 Fighting
 - Level 7.0 Ranged Weapons
 + Level 6.0 Dodging
 - Level 1.5 Stealth


You had 5 spell levels left.
You didn't know any spells.
Your spell library was empty.

Inventory:

Hand Weapons
 a - a +0 shortbow (weapon)
Armour
 b - a +2 robe of willpower (worn)
Jewellery
 c - a +6 ring of intelligence
 h - a ring of willpower (left hand)
Wands
 n - a wand of iceblast (10)
Scrolls
 e - a scroll of enchant weapon {unknown}
Potions
 d - a potion of enlightenment
 f - 2 potions of brilliance {unknown}
 g - 2 potions of curing
 i - a potion of might {unknown}
 k - a potion of magic {unknown}
 m - a potion of mutation {unknown}

Dungeon Overview and Level Annotations

Branches:
Dungeon (4/15)
 Temple: D:4-7

Altars:
Ashenzari
Cheibriados

Annotations:
D:3 1 runed translucent door, Crazy Yiuf
D:4 Blork the orc, Pikel


Message History

You shoot an arrow. The jackal barks!
The arrow hits the jackal!
You kill the jackal!
You shoot an arrow. The arrow barely misses the jackal.
You shoot an arrow. The arrow hits the jackal.
The jackal is severely wounded.
You shoot an arrow. The arrow closely misses the jackal.
You shoot an arrow. The arrow hits the jackal.
You kill the jackal!
f - 2 blue potions (gained 1)
A dart slug comes into view.
You shoot an arrow. The arrow hits the dart slug!
You kill the dart slug!
A malevolent force fills the Dungeon... and a teleportation trap spontaneously manifests!
You are yanked towards some nearby monsters!
Your surroundings suddenly seem different.
Blork the orc, Pikel and 4 lemures come into view.
Pikel is wielding a +2 whip of flaming.
Found an escape hatch in the floor.
Blork the orc shouts!
The lemure shouts! x2; Pikel shouts!
The lemure hits you but does no damage.
Pikel hits you with a +2 whip of flaming!
Pikel burns you.
The lemure shouts!
Enter note:
Enter note: You shoot an arrow.
The arrow hits the lemure.
The lemure is lightly wounded.
The lemure closely misses you. The lemure completely misses you.
Pikel hits you with a +2 whip of flaming.
Pikel burns you. The lemure hits you!
Enter note:
Enter note: You shoot an arrow.
The arrow barely misses the lemure.
The lemure completely misses you. The lemure hits you. x2
The lemure closely misses you.
Pikel hits you with a +2 whip of flaming!
You die...
Pikel says, "See you in Hell!"

## .# ##.## #...# #
#55.# . #@K.# #
#..55...# #######
#####.........#
...........#....~~~....#
# ..# #...~~~~~...# ##
###..##...~~o..~~...
.####.....#...~~.>.~~...
.........##...~~...~~...
.####.#.##


You could see Pikel, Blork the orc and 4 lemures.

Vanquished Creatures
  Sigmund (D:3)
  A phantom (D:4)
  A jelly (D:4)
  Natasha (thrice) (D:2)
  5 adders
  3 dart slugs
  A ribbon worm (D:4)
  4 orcs (D:4)
  10 bats
  8 endoplasms
  2 giant cockroaches
  7 goblins
  10 hobgoblins
  5 jackals
  8 ball pythons
  4 frilled lizards (D:1)
  5 kobolds
  3 rats
81 creatures vanquished.

Notes
Turn   | Place    | Note
-------+----------+-------------------------------------------
     0 | D:1      | qw the Spriggan Hunter began the quest for the Orb.
     0 | D:1      | Reached XP level 1. HP: 10/10 MP: 2/2
     0 | D:1      | 0 ||| qw: Version: 0.3-a-155-g5e7d8dd
     0 | D:1      | 0 ||| qw: Game counter: 2012
     0 | D:1      | 0 ||| qw: Melee chars always use a shield: true
     0 | D:1      | 0 ||| qw: God list: Okawaru
     0 | D:1      | 0 ||| qw: Allow faded altars: false
     0 | D:1      | 0 ||| qw: Do Orc after clearing Dungeon:15 true
     0 | D:1      | 0 ||| qw: Do second Lair branch before Depths: true
     0 | D:1      | 0 ||| qw: Lair rune preference: random
     0 | D:1      | 0 ||| qw: Goals: Normal
     0 | D:1      | 0 ||| PLANNING D:1-11
    30 | D:1      | Reached skill level 3 in Dodging
    89 | D:1      | Reached XP level 2. HP: 14/14 MP: 3/3
   367 | D:1      | Reached XP level 3. HP: 18/18 MP: 4/4
   504 | D:1      | 504 ||| READING 3 scrolls labelled YMERAK HENIT.
   605 | D:1      | 605 ||| READING scroll labelled SEVIBB COAVI.
   606 | D:1      | 606 ||| READING scroll labelled YCHODD UWIO.
   607 | D:1      | 607 ||| DRINKING 2 red potions.
   608 | D:1      | 608 ||| DRINKING 3 fuming pink potions.
   609 | D:1      | 609 ||| DROPPING scroll of butterflies.
   610 | D:1      | 610 ||| DROPPING potion of attraction.
   611 | D:1      | 611 ||| DROPPING 2 scrolls of silence.
   695 | D:2      | Noticed Natasha
   701 | D:2      | Killed Natasha
   702 | D:2      | Reached skill level 5 in Ranged Weapons
   702 | D:2      | Reached XP level 4. HP: 17/22 MP: 5/5
   850 | D:2      | 850 ||| FLEEEEING.
   851 | D:2      | 851 ||| FLEEEEING.
  1053 | D:2      | Found a snail-covered altar of Cheibriados.
  1325 | D:2      | Noticed Natasha
  1332 | D:2      | Killed Natasha
  1333 | D:2      | Reached XP level 5. HP: 21/25 MP: 6/6
  1373 | D:2      | Noticed Natasha
  1381 | D:2      | Killed Natasha
  1536 | D:2      | 1536 ||| READING scroll labelled ALYMMU RA MIOF.
  1540 | D:2      | 1540 ||| READING scroll labelled QEM TEURUTICH.
  1540 | D:2      | 1540 ||| IDENTIFYING lumpy pink potion
  1763 | D:3      | Noticed Sigmund
  1764 | D:3      | 1764 ||| DRINKING potion of haste.
  1775 | D:3      | Killed Sigmund
  1776 | D:3      | Reached skill level 6 in Ranged Weapons
  1776 | D:3      | Reached XP level 6. HP: 13/30 MP: 7/7
  1981 | D:3      | Found a runed translucent door.
  1982 | D:3      | Noticed Crazy Yiuf
  2294 | D:3      | 2294 ||| UPGRADING to +2 robe of willpower.
  2304 | D:3      | 2304 ||| DROPPING +0 robe.
  2305 | D:3      | 2305 ||| UPGRADING to ring of willpower.
  2306 | D:3      | 2306 ||| READING scroll of identify.
  2306 | D:3      | 2306 ||| IDENTIFYING coppery potion
  2307 | D:3      | 2307 ||| READING scroll labelled KODGHY JOMMUA.
  2308 | D:3      | 2308 ||| DRINKING 2 smoky white potions.
  2347 | D:3      | 2347 ||| DROPPING potion of lignification.
  2398 | D:4      | Found a broken altar of Ashenzari.
  2536 | D:4      | Reached skill level 6 in Dodging
  2594 | D:4      | Reached skill level 7 in Ranged Weapons
  2694 | D:4      | Noticed Blork the orc
  2694 | D:4      | Noticed Pikel
  2696 | D:4      | HP: 6/30 [lemure[Pikel] (4)]
  2696 | D:4      | HP: 2/30 [lemure[Pikel] (4)]
  2696 | D:4      | Slain by Pikel

Levels and vault maps discovered:
D:1:      dpeg_arrival_pond, layout_basic, chequers_serial_rivers_micro_b,
          minmay_misc_feat_pillars
D:2:      minmay_general_purpose_star, layout_basic, basic_altar, uniq_natasha
D:3:      layout_basic, chequers_serial_rivers_micro_c, nicolae_the_louvre,
          uniq_crazy_yiuf_cottage, uniq_sigmund
D:4:      minmay_evil_eye, layout_loops_ring, mainiacjoe_overflow_tiny_flanked,
          tgw_sif, nicolae_wu_jian_glorious_leap, uniq_pikel

Skill      XL: |  1  2  3  4  5  6 |
---------------+-------------------+-----
Dodging        | 3 4 5 6 |  6.0
Ranged Weapons | 5 6 7 |  7.0
Fighting       | 2 |  2.0
Stealth        | |  1.5

Action                     |  1- 3 |  4- 6 || total
---------------------------+-------+-------++-------
   Fire: Shortbow          |    78 |   169 ||   247
    Use: Scroll            |     3 |     4 ||     7
         Potion            |     2 |     2 ||     4
 Armour: Robe              |     6 |    33 ||    39
  Dodge: Dodged            |    32 |    80 ||   112

Table legend:
 A = Non-vault XP
 B = Vault XP
 C = Vault XP percentage of total XP
 D = Non-vault monster count
 E = Vault monster count
 F = Vault count percentage of total count
                 A         B        C        D         E       F
            +---------+---------+-------+---------+---------+-------
      Total |     343 |     344 |  50.1 |      70 |      11 |  13.6
            +---------+---------+-------+---------+---------+-------
        D:1 |      43 |       0 |   0.0 |      25 |       0 |   0.0
        D:2 |     136 |      57 |  29.5 |      20 |       7 |  25.9
        D:3 |      35 |     239 |  87.2 |      13 |       1 |   7.1
        D:4 |     129 |      48 |  27.1 |      12 |       3 |  20.0
            +---------+---------+-------+---------+---------+-------
